[Event "Late-Titled-Tuesday-Blitz-April-16-2024"]
[Site "Chess.com"]
[Date "2024.04.16"]
[Round "2"]
[White "stollenmonster"]
[Black "ploxoi"]
[Result "1-0"]
[WhiteElo "2889"]
[BlackElo "2411"]
[TimeControl "180+1"]
[EndTime "14:18:27 PDT"]
[Termination "stollenmonster won on time"]

1. e4 c6 2. d4 d5 3. e5 c5 4. c4 cxd4 5. Nf3 Bg4 6. Qxd4 Bxf3 7. gxf3 dxc4 8. Qxd8+ Kxd8 9. Bxc4 e6 10. Nc3 Nc6 11. f4 Nge7 12. Be3 Nf5 13. O-O-O+ Kc7 14. Nb5+ Kc8 15.
Bd3 Nxe3 16. fxe3 Bc5 17. Rhe1 a6 18. Nc3 Kc7 19. Ne4 Be7 20. Nd6 Bxd6 21. exd6+ Kxd6 22.
Bxa6+ Kc7 23. Bc4 Rhd8 24. a3 Ra5 25. Rxd8 Nxd8 26. Kd2 Rh5 27. Re2 f6 28. b4 e5 29.
a4 Nc6 30. b5 Na5 31. Bf7 Rh4 32. Rf2 exf4 33. exf4 Rh3 34. f5 Ra3 35. Rg2 g6 36. fxg6 hxg6 37. Rxg6 Rxa4 38. Rxf6 Rh4 39. Rf2 Kb6 40. Ke3 Kxb5 41. Kf3 Rh6 42. Kg4 Nc6 43. Kg5 Rh3 44. Be6 Re3 45. Bf5 Ne5 46. Kf4 Re1 47. Be4 Nf7 48. Bxb7 Nd6 49. Bf3 Re6 50. h4 Rf6+ 51.
Ke5 Rh6 52. h5 Nf7+ 53. Kf5 Kc5 54. Rc2+ Kd6 55. Ra2 Rh8 56. Kf6 Nh6 57. Kg7 1-0

[Event "Late-Titled-Tuesday-Blitz-April-16-2024"]
[Site "Chess.com"]
[Date "2024.04.16"]
[Round "2"]
[White "maximnovik"]
[Black "alexrustemov"]
[Result "0-1"]
[WhiteElo "2558"]
[BlackElo "2854"]
[TimeControl "180+1"]
[EndTime "14:18:28 PDT"]
[Termination "alexrustemov won on time"]

1. e4 e6 2. d4 d5 3. e5 c5 4. c3 Qb6 5. Nf3 Bd7 6. Be2 cxd4 7. cxd4 Bb5 8. O-O Bxe2 9. Qxe2 Qa6 10. Qd1 Bb4 11.
Bd2 Bxd2 12. Nbxd2 Ne7 13. Nb3 b6 14. Ng5 h6 15.
Nh3 O-O 16. Nf4 Nbc6 17. Qg4 Kh7 18. Rfc1 Rac8 19. Rc3 g6 20. Rh3 Nf5 21. Qg5 Rh8 22.
g4 Kg8 23. Qf6 Ng7 24. Rf3 Qb7 25. Rc1 Na5 26. Rxc8+ Qxc8 27. Rc3 Qd7 28. Nd2 Nc6 29. Nf3 Ne8 30. Qh4 g5 31. Nxg5 hxg5 32. Qxg5+ Kf8 33. Ne2 Rg8 34. Qf4 Ke7 35. h3 Kd8 36. Qc1 Kc7 37. b4 Kb7 38. b5 Na5 39. a4 Nc4 40. Rf3 Rf8 41. Qh6 a6 42. Qxf8 f5 43. gxf5 Nd2 44. Rg3 Ne4 45. fxe6 Qxe6 46. Rg8 Qxh3 47.
Qe7+ Nc7 48. Rg7 Qc8 0-1

[Event "Late-Titled-Tuesday-Blitz-April-16-2024"]
[Site "Chess.com"]
[Date "2024.04.16"]
[Round "2"]
[White "Meri-Arabidze"]
[Black "egnfanclub"]
[Result "1-0"]
[WhiteElo "2673"]
[BlackElo "2370"]
[TimeControl "180+1"]
[EndTime "14:18:28 PDT"]
[Termination "Meri-Arabidze won by resignation"]

1. d4 d5 2. c4 c6 3. Nf3 Nf6 4. Nbd2 e6 5. e3 Nbd7 6. Bd3 Bd6 7. O-O O-O 8. e4 e5 9. cxd5 cxd5 10. Re1 dxe4 11. Nxe4 Nxe4 12. Bxe4 exd4 13. Qxd4 Qf6 14. Bg5 Qxd4 15. Nxd4 Nc5 16. Bf3 Ne6 17. Nxe6 Bxe6 18.
b3 Rab8 19. Rac1 h6 20. Be3 b6 21. Rc6 Bb4 22. Rec1 Rbc8 23. Rc7 Ba3 24. R1c6 Rxc7 25.
Rxc7 Rc8 26. Rxa7 Bc5 27. Bxc5 Rxc5 28. h3 Rc1+ 29. Kh2 Rc2 30. Kg3 g5 31. Be4 Rb2 32.
f4 gxf4+ 33. Kxf4 Kg7 34. g4 Kf6 35. Ra6 Rf2+ 36. Kg3 Rb2 37. Bf3 Ke5 38. Ra4 b5 39. Ra5 Kd4 40. Rxb5 Rxa2 41. b4 Ra3 42. Kf4 Rb3 43.
Rh5 Rxb4 44. Rxh6 Kd3+ 45. Kg3 Ke3 46. Rf6 Rb3 47. h4 Rb1 48. g5 Rg1+ 49. Kh2 Rf1 50.
Kg2 Rf2+ 51. Kg3 Rf1 52. h5 Rg1+ 53. Bg2 Bd5 54. Rf2 Rxg2+ 55. Rxg2 Bxg2 56. Kxg2 Kf4 57. h6 1-0

[Event "Late-Titled-Tuesday-Blitz-April-16-2024"]
[Site "Chess.com"]
[Date "2024.04.16"]
[Round "2"]
[White "MikeSailer"]
[Black "SilverCityIndigo"]
[Result "1-0"]
[WhiteElo "2164"]
[BlackElo "2431"]
[TimeControl "180+1"]
[EndTime "14:18:29 PDT"]
[Termination "MikeSailer won by resignation"]

1. d4 d5 2. Nf3 Nc6 3. Bf4 Bg4 4.
e3 e6 5. a3 Bd6 6. Bd3 Nge7 7.
Bxd6 cxd6 8. O-O e5 9. Be2 e4 10. Nfd2 Bxe2 11. Qxe2 O-O 12. c4 dxc4 13. Nxc4 d5 14.
Ncd2 f5 15. Nc3 Kh8 16. b4 a6 17. Nb3 f4 18. exf4 Rxf4 19. Nc5 Qd6 20. Nxb7 Qf6 21. Nc5 Nxd4 22. Qd2 Rg4 23. Kh1 Nf3 24. Qe3 Rxg2 25. Kxg2 Nf5 26. Qf4 N5h4+ 27. Kg3 Qxf4+ 28. Kxf4 Rf8+ 29. Kg3 g5 30. Nxd5 h5 31. Nxe4 Nd4 32. Nxg5 Nhf5+ 33. Kg2 Rg8 34. f4 Nc2 35. Rac1 Nce3+ 36. Kh1 Nxd5 37.
Rc6 Nxf4 38. Nf7+ Kh7 39. Rxf4 Ne3 40. Rf3 Nd1 41. Rh6+ Kg7 42. Rg3+ Kxf7 43. Rxg8 Kxg8 44. Rxh5 Nc3 45. Ra5 Kf7 46. Rxa6 Nb1 47. b5 Nd2 48. b6 1-0

[Event "Late-Titled-Tuesday-Blitz-April-16-2024"]
[Site "Chess.com"]
[Date "2024.04.16"]
[Round "2"]
[White "zverr1"]
[Black "EcosseKillie"]
[Result "1/2-1/2"]
[WhiteElo "2491"]
[BlackElo "2254"]
[TimeControl "180+1"]
[EndTime "14:18:30 PDT"]
[Termination "Game drawn by repetition"]

1. e4 Nf6 2. e5 Nd5 3. d4 d6 4. exd6 Qxd6 5. c4 Nf6 6. Nc3 c6 7. Nf3 Bg4 8. Be2 e6 9. h3 Bh5 10. O-O Nbd7 11. Re1 Be7 12. d5 exd5 13. cxd5 Nxd5 14.
Nxd5 cxd5 15. Nd4 Bg6 16. Nb5 Qc6 17. Qxd5 O-O 18. Bf3 Qxd5 19. Bxd5 Bf6 20. Nc3 Nc5 21. Be3 Nd3 22. Re2 Nxb2 23. Ne4 Bxe4 24. Bxe4 Nc4 25.
Rb1 Nxe3 26. Rxe3 Rab8 27. Bxb7 g6 28. Reb3 Kg7 29. Bd5 Rxb3 30. Rxb3 Rd8 31. Bc4 Rd7 32. g3 Re7 33. Kg2 h5 34. h4 Bd4 35. Rf3 Bb6 36.
Bb3 Rc7 37. Rf4 Re7 38. Kf3 Rc7 39. Ke4 Rd7 40. Bd5 f5+ 41. Ke5 Bc7+ 42. Ke6 Bxf4 43. Kxd7 Bd2 44. f3 Bb4 45. g4 fxg4 46. fxg4 Be1 47.
gxh5 gxh5 48. Bf3 Kh6 49. Ke6 Bxh4 50. Kf5 Bf2 51. Ke4 Bb6 52. Bh1 Kg5 53. Kf3 Kh4 54.
Kg2 Kg5 55. Kh2 Kf4 56. Bc6 Ke3 57. Kh3 Kd4 58. Kh4 Kc3 59. Kxh5 Kb2 60. a4 Bg1 61. Be8 Bb6 62. Bc6 Ka3 63. Be8 Kb4 64. Bc6 Ka5 65.
Be8 Bg1 66. Bc6 Bb6 67. Be8 Bg1 68. Bc6 Bb6 1/2-1/2

[Event "Late-Titled-Tuesday-Blitz-April-16-2024"]
[Site "Chess.com"]
[Date "2024.04.16"]
[Round "2"]
[White "Karacsonyi_Gellert"]
[Black "Zapateado"]
[Result "1-0"]
[WhiteElo "2727"]
[BlackElo "2395"]
[TimeControl "180+1"]
[EndTime "14:18:31 PDT"]
[Termination "Karacsonyi_Gellert won on time"]

1. e4 c5 2. Nf3 g6 3. g3 Bg7 4.
Bg2 Nc6 5. O-O d6 6. c3 e5 7. d3 Nge7 8. Be3 O-O 9. a4 h6 10. Qd2 Kh7 11. Na3 Be6 12. Nc4 b6 13. h4 Bg4 14.
Nh2 Be6 15. f4 exf4 16. gxf4 d5 17. Ne5 Nxe5 18. fxe5 Nc6 19. d4 cxd4 20. cxd4 Na5 21. exd5 Bxd5 22. Bxd5 Qxd5 23. Qg2 Qxg2+ 24. Kxg2 Nc4 25.
Bc1 Rad8 26. Nf3 f6 27. e6 Rfe8 28. Re1 Rd6 29. b3 Na5 30. d5 Nxb3 31. Rb1 Nc5 32. Rd1 Nxe6 33. Be3 Nc7 34. Bf4 Rd7 35. Bxc7 Rxc7 36. Nd4 Rd7 37. Ne6 Bf8 38. Rbc1 Bd6 39.
Rc6 Be5 40. Kf3 f5 41. Rc2 Kg8 42. Re2 Bd6 43. Nd4 Kf7 44. Rc2 Rde7 45. Nc6 Re3+ 46.
Kf2 Bc5 47. Kg2 Re2+ 48. Rxe2 Rxe2+ 49. Kf3 Re8 50. d6 Re6 51. d7 Be7 52. Nxe7 1-0

[Event "Late-Titled-Tuesday-Blitz-April-16-2024"]
[Site "Chess.com"]
[Date "2024.04.16"]
[Round "2"]
[White "giovannibrandao7"]
[Black "steepedgames"]
[Result "1/2-1/2"]
[WhiteElo "2239"]
[BlackElo "2477"]
[TimeControl "180+1"]
[EndTime "14:18:31 PDT"]
[Termination "Game drawn by repetition"]

1. e4 e6 2. d4 d5 3. Nd2 Nf6 4. e5 Nfd7 5. c3 c5 6. Bd3 Nc6 7. Ne2 a6 8. f4 b5 9. Nf3 Qb6 10.
O-O Bb7 11. Be3 g6 12. g4 h5 13. h3 hxg4 14. hxg4 Be7 15. Kg2 O-O-O 16. Qd2 a5 17. Rh1 c4 18. Bc2 b4 19. f5 gxf5 20. gxf5 Rdg8+ 21.
Kf2 b3 22. axb3 cxb3 23. Bd3 Rxh1 24. Rxh1 a4 25. Nf4 Nd8 26. Ra1 Bc6 27. fxe6 Nxe6 28. Bf5 Nxf4 29. Bxf4 Kb7 30. Ke3 Qa5 31. Qd1 Nb6 32.
Bd3 Nc4+ 33. Bxc4 dxc4 34. Kf2 Qd5 35. Qe2 Rg4 36. Bg3 Re4 37. Qd2 f6 38. Rd1 a3 39.
bxa3 Bxa3 40. Ra1 b2 41. Rb1 fxe5 42. Rxb2+ Bxb2 43. Qxb2+ Qb5 44. Qxb5+ Bxb5 45. Nxe5 Kb6 46. Kf3 Rxe5 47. Bxe5 Bc6+ 48. Ke3 Bd5 49. Kd2 Kc6 50. Bh8 Kd7 51. Be5 Ke6 52. Bf4 Kf5 53. Bb8 Ke4 54. Ba7 Bf7 55. Bc5 Bd5 56. Ba7 Bf7 57.
Bc5 Bd5 58. Ba7 1/2-1/2

[Event "Late-Titled-Tuesday-Blitz-April-16-2024"]
[Site "Chess.com"]
[Date "2024.04.16"]
[Round "2"]
[White "jlf287"]
[Black "MyDream003"]
[Result "0-1"]
[WhiteElo "2541"]
[BlackElo "2802"]
[TimeControl "180+1"]
[EndTime "14:18:33 PDT"]
[Termination "MyDream003 won on time"]

1. e4 c5 2. Nf3 d6 3. Bc4 Nf6 4. d3 e6 5. O-O Be7 6. c3 O-O 7. Bb3 b6 8. Re1 Bb7 9. Nbd2 Nbd7 10. Nf1 Rc8 11. Ng3 Re8 12. h3 Bf8 13. Bg5 h6 14. Bf4 e5 15. Bd2 d5 16. Qe2 c4 17. dxc4 dxe4 18.
Nh2 Nc5 19. Bc2 Nd3 20. Rf1 Nxb2 21. f3 Nxc4 22. Rad1 e3 23. Bxe3 Qc7 24. Bf2 Red8 25. Bb3 Rxd1 26. Rxd1 Na5 27. Ng4 Nxg4 28. hxg4 Nxb3 29.
axb3 Bc6 30. c4 f6 31. Nf5 Rd8 32. Be3 Rxd1+ 33. Qxd1 Qd7 34. Qc1 Kf7 35. c5 b5 36.
Qc2 Kg8 37. Nh4 Qf7 38. Nf5 a5 39. Qd3 Qd7 40. Nd6 a4 41. bxa4 bxa4 42. Qc4+ Kh7 43. Qd3+ Kg8 44. Qc4+ Kh7 45. Qc2+ g6 46. Nc4 Kg7 47.
Qc1 Kh7 48. Kh2 Qf7 0-1

[Event "Late-Titled-Tuesday-Blitz-April-16-2024"]
[Site "Chess.com"]
[Date "2024.04.16"]
[Round "2"]
[White "2Coaches1Profile"]
[Black "Lukianoo"]
[Result "1-0"]
[WhiteElo "2569"]
[BlackElo "2823"]
[TimeControl "180+1"]
[EndTime "14:18:34 PDT"]
[Termination "2Coaches1Profile won by resignation"]

1. d4 Nf6 2. Bg5 d5 3. Bxf6 gxf6 4. c4 c5 5. cxd5 Qxd5 6. Nf3 cxd4 7. Nc3 Qa5 8. Nxd4 Bg7 9. g3 O-O 10. Nb3 Qb6 11. Bg2 Rd8 12. Qc1 Be6 13. O-O Nc6 14.
Na4 Qb5 15. Nac5 Rac8 16. Nxe6 fxe6 17. Qe3 Qe5 18. Bxc6 Qxe3 19. fxe3 Rxc6 20. Rfc1 f5 21. Rxc6 bxc6 22. Rc1 Bxb2 23. Rxc6 Kf7 24. Rc7 a6 25.
Ra7 Rd6 26. Kf2 Ba3 27. Na5 Bc5 28. Ra8 Rd2 29. Nb3 Rc2 30. Nxc5 Rxc5 31. Rxa6 h5 32.
Kf3 Rc1 33. e4 Rf1+ 34. Kg2 Re1 35. Kf2 Rh1 36. h4 Rh2+ 37. Ke3 fxe4 38. Ra5 Rg2 39. Rg5 Kf6 40. a4 Rg1 41. a5 Ra1 42. Rxh5 e5 43.
Rh6+ Kf5 44. Ra6 Ra3+ 45. Kf2 Kg4 46. Rg6+ Kh3 47. h5 Rxa5 48. h6 Ra8 49. Re6 Rf8+ 50. Ke3 Kxg3 51. Kxe4 Kf2 52. Kxe5 Kxe2 53. Rxe7 Kf3 54. h7 Kg4 55. Rg7+ Kh5 56. Rg8 Kh6 57. Rxf8 Kg7 58. h8=Q+ 1-0

[Event "Late-Titled-Tuesday-Blitz-April-16-2024"]
[Site "Chess.com"]
[Date "2024.04.16"]
[Round "2"]
[White "Nf3c5"]
[Black "Sanan_Sjugirov"]
[Result "0-1"]
[WhiteElo "2636"]
[BlackElo "3032"]
[TimeControl "180+1"]
[EndTime "14:18:35 PDT"]
[Termination "Sanan_Sjugirov won by resignation"]

1. e4 e5 2. Nf3 Nc6 3. Nc3 Nf6 4.
h3 d6 5. d4 exd4 6. Nxd4 Be7 7.
Nxc6 bxc6 8. Bd3 O-O 9. O-O Nd7 10. f4 Re8 11. Qf3 a5 12. Bd2 Nc5 13. Rae1 Nxd3 14. cxd3 Ba6 15. b3 Bf6 16. Kh1 Qd7 17. Ne2 a4 18.
Bc3 Bxc3 19. Nxc3 axb3 20. axb3 Qe6 21. Rb1 Qf6 22. Ne2 Bb5 23. Ng3 Ra2 24. Nh5 Qh4 25. f5 Bxd3 26. Qxd3 Qxh5 27. f6 Qg6 28. Qf3 Qxe4 29.
Qg3 Qg6 30. Qf3 Ree2 31. Rg1 gxf6 32. Qxc6 Qg3 33. Rbf1 Kf8 34. Rf3 Qg5 35. Rff1 Rac2 36. Qa8+ Kg7 37. Qf3 Re3 38. Qb7 Rcc3 39. Rf3 Rxf3 40.
gxf3 Rc1 41. Rxc1 Qxc1+ 42. Kg2 Qd2+ 43. Kg3 Qe1+ 44. Kg2 Qd2+ 45. Kg3 Qc3 46. Qd5 Qe5+ 47. Qxe5 fxe5 48. Kg4 Kg6 49. h4 f5+ 50. Kg3 Kf6 51. b4 Ke6 52. b5 d5 53. h5 d4 54.
Kf2 Kd5 55. Ke2 Kc5 56. Kd3 Kxb5 57. f4 exf4 58. Kxd4 c5+ 59. Kd3 c4+ 60. Kc3 Kc5 0-1

[Event "Late-Titled-Tuesday-Blitz-April-16-2024"]
[Site "Chess.com"]
[Date "2024.04.16"]
[Round "2"]
[White "marcodobrikov"]
[Black "Beca95"]
[Result "1-0"]
[WhiteElo "2576"]
[BlackElo "2848"]
[TimeControl "180+1"]
[EndTime "14:18:35 PDT"]
[Termination "marcodobrikov won on time"]

1. d4 Nf6 2. c4 c5 3. d5 e6 4. Nc3 exd5 5. cxd5 d6 6. e4 g6 7. Nf3 a6 8. a4 Bg4 9. Be2 Bxf3 10. Bxf3 Nbd7 11.
O-O Bg7 12. Be2 O-O 13. f4 Re8 14. Bf3 c4 15. Be3 b5 16. axb5 axb5 17. e5 Rxa1 18. Qxa1 dxe5 19. Nxb5 Qb8 20. Qa6 exf4 21. Bd4 Ne4 22.
Bxg7 Kxg7 23. Bxe4 Rxe4 24. Nd6 Rd4 25. Qc6 Ne5 26. Ne8+ Kh6 27. Qc5 Qxb2 28. Qf8+ Kh5 29. Nf6+ Kg5 30. Qe7 Kf5 31. g4+ Nxg4 32. Nxg4 Kxg4 33.
Qd7+ f5 34. Qxh7 g5 35. Qh6 f3 36. h3+ Kf4 37. Qd6+ Ke3 38. Qe5+ Kd3 39. Rxf3+ Kc2 40. Rf2+ Kc1 41. Rxb2 Rd1+ 42. Kf2 Rd3 43. Re2 1-0

[Event "Late-Titled-Tuesday-Blitz-April-16-2024"]
[Site "Chess.com"]
[Date "2024.04.16"]
[Round "2"]
[White "Byniolus"]
[Black "NMJeevanK"]
[Result "1-0"]
[WhiteElo "2853"]
[BlackElo "2557"]
[TimeControl "180+1"]
[EndTime "14:18:35 PDT"]
[Termination "Byniolus won by checkmate"]

1. d4 d6 2. Nf3 Nf6 3. Bf4 Nbd7 4. h3 g6 5. e3 Bg7 6. Be2 O-O 7. O-O c5 8. c3 cxd4 9. cxd4 Re8 10. Nc3 Nb6 11. Bh2 d5 12. Nb5 Bf5 13. Nc7 Nc4 14. Nxe8 Qxe8 15.
b3 Nb6 16. Rc1 h5 17. Ne5 Ne4 18. Nd3 h4 19. Nc5 e5 20. Nxb7 exd4 21. exd4 Qe7 22. Nc5 Qg5 23. Nxe4 Bxe4 24. Bf3 Bf5 25. Kh1 Re8 26.
Rc7 Qf6 27. Be5 Qd8 28. Rxa7 Bxe5 29. dxe5 Qb8 30. Ra5 Rxe5 31. Re1 Bc2 32. Qd2 Be4 33. Bxe4 dxe4 34. Qf4 Nd7 35. Rxe5 Nxe5 36. Rxe4 f6 37. Qxf6 Nf7 38. Qxg6+ Kf8 39. Rg4 Qe5 40. Qb1 Qe2 41. Rf4 Kg7 42. Rf3 Qe5 43. Re3 Qc5 44. Qe1 Ng5 45.
Qc3+ Qxc3 46. Rxc3 Kf6 47. Rc2 Ne4 48. b4 Ke5 49. b5 Nd6 50. b6 Kd4 51. a4 Kd3 52. Rc7 Ne4 53. b7 Ke2 54. Re7 Kf1 55. Rxe4 Kxf2 56. b8=Q Kf1 57. Qf4# 1-0

[Event "Late-Titled-Tuesday-Blitz-April-16-2024"]
[Site "Chess.com"]
[Date "2024.04.16"]
[Round "2"]
[White "GrigorGrigorov"]
[Black "djano"]
[Result "0-1"]
[WhiteElo "2911"]
[BlackElo "2614"]
[TimeControl "180+1"]
[EndTime "14:18:36 PDT"]
[Termination "djano won on time"]

1. d4 Nf6 2. Nf3 g6 3. Bg5 Bg7 4. Nbd2 d6 5. c3 h6 6. Bh4 Nbd7 7. e4 e5 8. dxe5 dxe5 9. Be2 O-O 10. O-O g5 11. Bg3 Nh5 12. Qc2 Nf4 13. Nc4 Qf6 14.
Ne3 h5 15. h4 g4 16. Ng5 Nc5 17. Bc4 Be6 18. Nxe6 fxe6 19. b4 Nd7 20. Rad1 Nb6 21.
Bb3 Kh8 22. c4 Rf7 23. c5 Nc8 24. Rd2 Ne7 25. Rfd1 Nc6 26. Qc4 Nd4 27. Nc2 Raf8 28. Nxd4 exd4 29. Rxd4 Qg6 30. Rd7 Be5 31. Rxf7 Rxf7 32.
Rd8+ Kg7 33. Rd1 Nh3+ 34. gxh3 Bxg3 35. Qc3+ Kh7 36. Qxg3 Qxe4 37. hxg4 Rf3 38. Qg2 hxg4 39. Rf1 Qxb4 40. Bxe6 Rf4 41. Rd1 Qxc5 42. Bd5 c6 43. Be4+ Kh6 44. Bb1 Kh5 45. Qg3 Rf3 46. Qg2 Rf4 47. Re1 g3 48. Re2 gxf2+ 49. Rxf2 Qc1+ 50. Kh2 Rxh4+ 51. Kg3 Rg4+ 52. Kf3 Rxg2 53. Rxg2 Qc3+ 0-1

[Event "Late-Titled-Tuesday-Blitz-April-16-2024"]
[Site "Chess.com"]
[Date "2024.04.16"]
[Round "2"]
[White "AradNazari"]
[Black "PhileKhoob"]
[Result "1-0"]
[WhiteElo "2709"]
[BlackElo "2306"]
[TimeControl "180+1"]
[EndTime "14:18:36 PDT"]
[Termination "AradNazari won by checkmate"]

1. e4 c6 2. Nf3 d5 3. Nc3 dxe4 4. Nxe4 Nf6 5. Qe2 Na6 6. d3 Nc7 7. Nxf6+ gxf6 8. Bd2 h5 9. g3 Bg4 10. h3 Bf5 11. Bg2 e6 12. O-O-O Be7 13. g4 Bh7 14.
gxh5 Qd5 15. Kb1 Qxh5 16. Qe3 Nd5 17. Qd4 Bd8 18. Nh2 Bb6 19. Qa4 O-O-O 20. Ng4 f5 21. Bxd5 cxd5 22. Ne5 f6 23. Nc6 bxc6 24. Qxc6+ Kb8 25.
Qxe6 Bc7 26. Qxf6 Rhf8 27. Qd4 Rfe8 28. a4 Re6 29. Rhg1 Bg6 30. Rc1 Be8 31. Rg7 Rd7 32.
Rxd7 Bxd7 33. Qxd5 Bc8 34. a5 Qe8 35. Be3 f4 36.
Bc5 Re5 37. Qb3+ Ka8 38. d4 Re4 39. Qc3 Bb7 40. b4 Bb8 41. Qd3 Qe6 42. Kb2 Re2 43. b5 f3 44. a6 Bd5 45. Ka3 Rxf2 46. c4 Be4 47. Qc3 Re2 48. d5 Qe8 49. Qg7 f2 50.
Qb7# 1-0

[Event "Late-Titled-Tuesday-Blitz-April-16-2024"]
[Site "Chess.com"]
[Date "2024.04.16"]
[Round "2"]
[White "youngdinousaur"]
[Black "vova-79"]
[Result "0-1"]
[WhiteElo "2233"]
[BlackElo "2557"]
[TimeControl "180+1"]
[EndTime "14:18:38 PDT"]
[Termination "vova-79 won by resignation"]

1. d4 d5 2. Bf4 Nf6 3. e3 c5 4. c3 Nc6 5. Nf3 cxd4 6. exd4 Bg4 7. Nbd2 e6 8. Qb3 Bxf3 9. Nxf3 Qc8 10. Bd3 Be7 11. O-O O-O 12. Ne5 Nxe5 13. Bxe5 Nd7 14. Bf4 Bd8 15. Rae1 Bc7 16. Bxc7 Qxc7 17. f4 g6 18. Qd1 Rab8 19. Qg4 Kg7 20. Qh4 Qd8 21.
Qh3 Re8 22. g4 b5 23. a3 a5 24. f5 exf5 25. gxf5 Rxe1 26. Rxe1 b4 27. fxg6 hxg6 28. axb4 axb4 29. Qg2 bxc3 30. bxc3 Nf6 31. Rc1 Qc7 32.
c4 Qf4 33. Rf1 Qxd4+ 34. Qf2 Qxf2+ 35. Rxf2 Rb3 36. Rd2 dxc4 37. Bxc4 Rc3 38. Ba2 Ne4 39. Re2 Rc1+ 40. Kg2 f5 41. Rb2 Kh6 42. Bg8 Kg5 43. Bd5 Nf6 44. Bf3 Rc3 45. Ra2 Nd7 46. Be2 Nc5 47.
Rb2 Ne6 48. Kg1 Nf4 49. Bf1 Rc1 50. Rf2 Nh3+ 51. Kg2 Nxf2 52. Kxf2 Kf4 53. Bg2 g5 54. Bf1 Rc2+ 55. Kg1 Ke3 56. Bg2 Rc1+ 57. Bf1 f4 58.
Kg2 f3+ 59. Kg1 g4 0-1

[Event "Late-Titled-Tuesday-Blitz-April-16-2024"]
[Site "Chess.com"]
[Date "2024.04.16"]
[Round "2"]
[White "BabageldiAnnaberdiyev"]
[Black "jcibarra"]
[Result "0-1"]
[WhiteElo "2597"]
[BlackElo "2918"]
[TimeControl "180+1"]
[EndTime "14:18:41 PDT"]
[Termination "jcibarra won on time"]

1. e4 c5 2. Nf3 e6 3. d3 Nc6 4. Nbd2 g6 5. g3 Bg7 6. Bg2 d5 7. O-O Nf6 8. Re1 O-O 9. c3 a5 10. Qe2 b6 11. Nf1 dxe4 12. dxe4 Ba6 13. Qe3 Ng4 14.
Qf4 Nge5 15. Nxe5 Nxe5 16. Qe3 a4 17. f4 Nc4 18. Qf2 a3 19. e5 axb2 20. Bxb2 Ra7 21. Ne3 Rd7 22. Bc1 Qc8 23. a4 Rfd8 24. Nxc4 Bxc4 25.
Be3 Rd3 26. a5 bxa5 27. Rxa5 Bf8 28. Ra8 Qc7 29. Rxd8 Qxd8 30. Bxc5 Rd2 31. Bb6 Qd3 32. Qe3 Qc2 33. Be4 Qa2 34. h4 Bd5 35. Bxd5 Qxd5 36. Qe4 Qb5 37. Bd4 Bc5 38. h5 Qb6 39. hxg6 hxg6 40.
Rb1 Qa7 41. Re1 Bxd4+ 42. cxd4 Rxd4 43. Qe3 Qd7 44. Kg2 Rd3 45. Qe4 Rd4 46. Qe3 Qd5+ 47. Kg1 Rd3 48. Qf2 Rf3 49. Qg2 Qd4+ 50. Kh1 Qc3 51.
Rg1 Qe3 52. Rb1 Kg7 53. Rg1 Rf2 0-1

[Event "Late-Titled-Tuesday-Blitz-April-16-2024"]
[Site "Chess.com"]
[Date "2024.04.16"]
[Round "2"]
[White "zsizsi99"]
[Black "NowInChess"]
[Result "0-1"]
[WhiteElo "2472"]
[BlackElo "2258"]
[TimeControl "180+1"]
[EndTime "14:18:43 PDT"]
[Termination "NowInChess won by resignation"]

1. e4 e6 2. d4 d5 3. exd5 exd5 4.
Nc3 Bb4 5. Bf4 Nf6 6. Bd3 O-O 7. Ne2 Re8 8. Qd2 Ne4 9. Bxe4 dxe4 10. O-O-O c5 11.
dxc5 Qxd2+ 12. Rxd2 Bxc5 13. Nxe4 Rxe4 14. Rd8+ Bf8 15.
Bd6 Nd7 16. Nc3 Rd4 17. Nb5 Rd5 18. c4 Rxd6 19. Nxd6 Nb6 20. c5 Be6 21. Rxf8+ Kxf8 22. cxb6 Bxa2 23. bxa7 Rxa7 24. Rd1 Bb3 25. Rd3 Ra1+ 26.
Kd2 Rd1+ 27. Kc3 Rxd3+ 28. Kxd3 Bd5 29. g3 Ke7 30. Nf5+ Kf6 31. Ne3 Bf3 32. Kd4 Ke6 33. b4 g5 34. Nc2 Kf5 35. Ne1 Bc6 36.
Nd3 f6 37. Nb2 Kg4 38. Ke3 Kh3 39. Nc4 h5 40. Na5 Bd5 41. Kd4 Bg2 42. b5 Kxh2 43. Kc5 Kg1 44. Kb6 h4 45. gxh4 gxh4 46. Nxb7 h3 47.
Nd8 h2 48. Nc6 h1=Q 49. f4 Bxc6 50. bxc6 Qe4 51. c7 Qb4+ 52. Kc6 Qc4+ 53. Kb7 Qd5+ 54. Ka7 Qa5+ 55. Kb7 Qb5+ 56. Ka7 Qc6 57. Kb8 Qb6+ 58. Kc8 Kf2 59. f5 Ke3 60. Kd7 Qb7 61. Kd8 Qxc7+ 62. Kxc7 Ke4 63. Kc6 Kxf5 64. Kd5 Kf4 65. Kd4 f5 0-1

[Event "Late-Titled-Tuesday-Blitz-April-16-2024"]
[Site "Chess.com"]
[Date "2024.04.16"]
[Round "2"]
[White "masterofpuppets2"]
[Black "GWR2024"]
[Result "1-0"]
[WhiteElo "2473"]
[BlackElo "2182"]
[TimeControl "180+1"]
[EndTime "14:18:47 PDT"]
[Termination "masterofpuppets2 won on time"]

1. d4 f5 2. c4 Nf6 3. Nc3 g6 4. g3 Bg7 5. Bg2 O-O 6. b3 d6 7. Bb2 Nc6 8. d5 Ne5 9. e3 c6 10.
Nge2 Bd7 11. O-O g5 12. h3 h6 13. f4 Ng6 14. fxg5 hxg5 15. Nd4 Nh7 16. dxc6 bxc6 17. Nxc6 Qe8 18. Nd4 e5 19. Ndb5 e4 20. Nxd6 Qd8 21. Qd5+ Kh8 22. Nf7+ Rxf7 23. Qxf7 Ne5 24. Qd5 Nd3 25. Rad1 Nxb2 26. Nb5 Nxd1 27. Rxd1 Qb6 28. Qxa8+ Nf8 29. Nd4 f4 30. Qd5 fxe3 31. c5 Qf6 32.
Rf1 Qxd4 33. Rxf8+ Kh7 34. Bxe4+ Kh6 35. Qxd4 Bxd4 36. Kf1 Bxh3+ 37. Ke2 Bxc5 38. Rh8+ Kg7 39. Rxh3 Kf6 40. g4 Ke5 41. Bd3 Kf4 42. Rf3+ Kxg4 43. Rf5 Bd4 44. Rf7 Kh3 45. Rd7 Bb6 46. Be4 g4 47. a4 g3 48. Bf3 g2 49. Rh7+ Kg3 50.
Rg7+ Kf4 51. Rxg2 Ke5 52. Rg4 Kd6 53. b4 Bd4 54. a5 Bc3 55. Rc4 Bd2 56. a6 Ke5 57. b5 Kd6 58. Rc6+ Ke5 59. Rc7 Ba5 60. Rxa7 Bb6 61. Rb7 Bd4 62. a7 1-0

[Event "Late-Titled-Tuesday-Blitz-April-16-2024"]
[Site "Chess.com"]
[Date "2024.04.16"]
[Round "2"]
[White "FREZZY23"]
[Black "Lennis93"]
[Result "1/2-1/2"]
[WhiteElo "2411"]
[BlackElo "2746"]
[TimeControl "180+1"]
[EndTime "14:18:48 PDT"]
[Termination "Game drawn - timeout vs insufficient material"]

1. Nf3 d5 2. g3 Nf6 3. Bg2 g6 4. O-O Bg7 5. d4 O-O 6. c4 c6 7.
cxd5 cxd5 8. Nc3 Nc6 9. Ne5 Qb6 10. Nxc6 Qxc6 11. Qb3 Rd8 12. Bg5 Be6 13. Rac1 Qd7 14. Nb5 Ne8 15. Bf4 Rdc8 16. Rxc8 Rxc8 17. Nxa7 Rc4 18.
Nb5 h6 19. e3 g5 20. Bb8 Bf5 21. Nc3 e6 22. e4 Bg6 23. exd5 exd5 24. Bxd5 Rxd4 25.
Re1 Nf6 26. Bxb7 Rd2 27. Bf3 Qf5 28. Nb1 Rd3 29. Be4 Rxb3 30. Bxf5 Rxb8 31. Bxg6 fxg6 32.
b3 Nd5 33. Rd1 Nb4 34. a4 Nc2 35. Rd3 Nd4 36. Nd2 Kf7 37. a5 Ke6 38. Re3+ Kd7 39. Kg2 Rb5 40. Nc4 Rxb3 41. a6 Rxe3 42. fxe3 Nc6 43.
Kf3 Bf8 44. Ke4 Bc5 45. Kd5 Ba7 46. e4 Ne7+ 47. Ke5 g4 48. Kf6 h5 49. Ne5+ Kd6 50.
Nxg6 Nxg6 51. Kxg6 Bg1 52. Kxh5 Ke5 53. Kxg4 Kxe4 1/2-1/2

[Event "Late-Titled-Tuesday-Blitz-April-16-2024"]
[Site "Chess.com"]
[Date "2024.04.16"]
[Round "2"]
[White "ATM622"]
[Black "pfalcon1949"]
[Result "1-0"]
[WhiteElo "2427"]
[BlackElo "1955"]
[TimeControl "180+1"]
[EndTime "14:18:49 PDT"]
[Termination "ATM622 won by checkmate"]

1. d4 Nf6 2. c4 c5 3. d5 b5 4. cxb5 a6 5. e3 g6 6. Nf3 Bg7 7. Nc3 O-O 8. Be2 axb5 9. Bxb5 Bb7 10. O-O e6 11. e4 d6 12. dxe6 fxe6 13. e5 Ne4 14. Nxe4 Bxe4 15. Ng5 Bd5 16. exd6 Qxd6 17. Be2 Nc6 18. a4 Nd4 19. Bg4 Be5 20. h3 Bf4 21. Re1 Bxc1 22. Rxc1 Qf4 23. Nf3 Rad8 24. Re3 Bxf3 25. Bxf3 e5 26. Qf1 Qf6 27. Qc4+ Kg7 28.
Rce1 Rde8 29. Qxc5 Rc8 30. Qxe5 Nc2 31. Qxf6+ Kxf6 32.
Re6+ Kg7 33. Rc1 Nd4 34. Rxc8 Rxc8 35. Re3 Nxf3+ 36. Rxf3 Rc2 37. Rb3 Rc1+ 38. Kh2 Ra1 39. Rb4 Ra2 40. Kg3 h5 41. b3 Kh6 42. h4 Ra3 43. Rb7 g5 44. Rb6+ Kg7 45. hxg5 h4+ 46.
Kxh4 Ra2 47. Kg3 Ra3 48. Rb5 Kg6 49. a5 Kh5 50. Kf3 Kg6 51. Ke3 Kh5 52. f4 Kg6 53. g4 Kg7 54. f5 Kf7 55. Rb7+ Ke8 56. g6 Kd8 57. g7 Kc8 58. Rf7 Rxb3+ 59. Kf4 Rb4+ 60. Kg5 Rxg4+ 61. Kxg4 Kb8 62. g8=R# 1-0